 Dungeon Crawl Stone Soup version 0.23.2 (webtiles) character file.

Game seed: 3868897330643767106

17 Menchi the Magician (level 2, -7/16 HPs)
             Began as a Deep Elf Warper on Apr 10, 2019.
             Mangled by a worm (8 damage)
             ... on level 2 of the Dungeon.
             The game lasted 00:01:53 (1027 turns).

Menchi the Magician (Deep Elf Warper)               Turns: 1027, Time: 00:01:53

Health: -7/16      AC:  3    Str:  8    XL:     2   Next: 44%
Magic:  8/8        EV: 12    Int: 17    God:
Gold:   114        SH:  0    Dex: 14    Spells: 4/8 levels left

rFire    . . .     SeeInvis .   a - +0 short sword
rCold    . . .     Gourm    .   (no shield)
rNeg     . . .     Faith    .   b - +0 leather armour
rPois    .         Spirit   .   (no helmet)
rElec    .         Reflect  .   (no cloak)
rCorr    .         Harm     .   (no gloves)
MR       .....                  (no boots)
Stlth    +.........             (no amulet)
HPRegen  0.05/turn              (no ring)
MPRegen  0.11/turn              (no ring)

@: no status effects
A: no striking features
a: no special abilities


You were on level 2 of the Dungeon.
You were not hungry.

You visited 1 branch of the dungeon, and saw 2 of its levels.

You collected 114 gold pieces.

Inventory:

Hand Weapons
 a - a +0 short sword (weapon)
Missiles
 e - 5 tomahawks of dispersal (quivered)
Armour
 b - a +0 leather armour (worn)
Scrolls
 d - 2 scrolls of blinking
 h - a scroll of immolation {unknown}
 i - a scroll of identify {unknown}
 l - a scroll of remove curse {unknown}
Potions
 j - a potion of brilliance {unknown}
 k - a potion of flight {unknown}
Comestibles
 c - a chunk of flesh
 f - 3 rations


   Skills:
 - Level 1.5 Fighting
 + Level 2.1 Short Blades
 - Level 1.0 Throwing
 - Level 0.7 Armour
 * Level 2.9 Dodging
 * Level 1.0 Stealth
 * Level 3.5 Spellcasting
 + Level 3.2 Translocations


You had 4 spell levels left.
You knew the following spells:

 Your Spells              Type           Power        Failure   Level  Hunger
a - Blink                 Tloc           N/A          9%          2    ##.....
b - Shroud of Golubria    Chrm/Tloc      #.........   19%         2    ##.....

Your spell library contained the following spells:

 Spells                   Type           Power        Failure   Level  Hunger
 Gell's Gravitas          Tloc           ##........   19%         3    ###....
 Lesser Beckoning         Tloc           ##........   19%         3    ###....
 Teleport Other           Tloc           ##......     19%         3    ###....
 Passage of Golubria      Tloc           N/A          52%         4    ####...


Dungeon Overview and Level Annotations

Branches:
Dungeon (2/15)

Altars:


Message History

You barely miss the kobold. The kobold barely misses you.
You hit the kobold but do no damage. The kobold hits you with a +0 whip.
* * * LOW HITPOINT WARNING * * *
You hit the kobold but do no damage. The kobold misses you.
You hit the kobold.
The kobold is moderately wounded.
The kobold hits you but does no damage.
You hit the kobold.
You kill the kobold!
Casting: Blink (safe; 9% risk of failure)
Confirm with . or Enter, or press ? or * to list all spells.
Space distorts slightly along a thin shroud covering your body.
You hit the worm.
The worm is moderately wounded.
The worm bites you.
* * * LOW HITPOINT WARNING * * *
Your shroud falls apart!
It was a potion of magic.
Magic courses through your body. The worm bites you!
Ouch! That really hurt!
You die...

#..# .. #..#
K. #.(###w.
#...###.
#..(.######.#
#...........#
######..##.##
#w## #@###.##
#.<....#
#####..# ...
#


You could see a worm.

Vanquished Creatures
  An ooze (D:1)
  A leopard gecko (D:1)
  2 goblins (D:1)
  3 kobolds
  3 bats (D:1)
  A frilled lizard (D:1)
  A rat (D:1)
12 creatures vanquished.

Notes
Turn   | Place    | Note
-------+----------+-------------------------------------------
     0 | D:1      | Menchi the Deep Elf Warper began the quest for the Orb.
     0 | D:1      | Reached XP level 1. HP: 12/12 MP: 6/6
   390 | D:1      | Reached XP level 2. HP: 12/16 MP: 8/8
   759 | D:1      | Reached skill level 1 in Stealth
   858 | D:1      | Learned a level 2 spell: Blink
   861 | D:1      | Learned a level 2 spell: Shroud of Golubria
  1027 | D:2      | Mangled by a worm

Skill      XL: |  1  2 |
---------------+-------+-----
Stealth        | 1 |  1.0
Fighting       | |  1.5
Short Blades   | |  2.1
Throwing       | |  1.0
Armour         | |  0.7
Dodging        | |  2.9
Spellcasting   | |  3.5
Translocations | |  3.2

Action                   || total
-------------------------++-------
Melee: Short sword       ||    52
 Cast: Blink             ||     2
       Shroud of Golubri ||     1
  Use: Potion            ||     1
Armor: Leather armour    ||    20
Dodge: Dodged            ||    41
